 Dungeon Crawl Stone Soup version 0.31-a0-675-g238779eb0a (webtiles) character file.

Game seed: 8217556460856845355

194 Bravepunisher the Ducker (level 5, -8/28 HPs)
             Began as a Spriggan Monk on Sept 5, 2023.
             Was a Priest of Makhleb.
             Killed by nerve-wracking pain
             ... invoked by an orc priest
              (12 damage)
             ... on level 5 of the Dungeon.
             The game lasted 00:09:10 (2523 turns).

Bravepunisher the Ducker (Spriggan Monk)            Turns: 2523, Time: 00:09:17

Health: -8/28      AC:  2    Str:  7    XL:     5   Next: 44%
Magic:  7/7        EV: 22    Int: 11    God:    Makhleb [***...]
Gold:   189        SH:  0    Dex: 20    Spells: 4/4 levels left

rFire   + . .        a - +2 dagger (speed)
rCold   . . .        d - orb {light}
rNeg    . . .        q - +0 robe
rPois   .            (helmet restricted)
rElec   .            (no cloak)
rCorr   .            (gloves unavailable)
SInv    +            (boots unavailable)
Will    .....        (no amulet)
Stlth   +            o - ring of flight
HPRegen 0.24/turn    p - ring of protection from fire
MPRegen 0.10/turn

%: no passive effects
@: flying, glowing, very quick
A: very small, no large weapons, unfitting armour, see invisible, speed 3
a: Renounce Religion, Minor Destruction, Lesser Servant of Makhleb


You were on level 5 of the Dungeon.
You worshipped Makhleb.
Makhleb was most pleased with you.
You visited 2 branches of the dungeon, and saw 6 of its levels.

You collected 189 gold pieces.

Inventory:

Hand Weapons
 a - a +2 dagger of speed (weapon)
 b - a +4 sling
 s - a +1 dagger of venom
Missiles
 e - 2 throwing nets
 r - 9 stones
Armour
 d - an orb of light (worn)
 q - a +0 robe (worn)
Jewellery
 o - a ring of flight (left hand)
 p - a ring of protection from fire (right hand)
Wands
 u - a wand of iceblast (7)
Scrolls
 j - 2 scrolls of identify {unknown}
 k - a scroll of enchant weapon {unknown}
 l - 2 scrolls of enchant armour {unknown}
 m - a scroll of revelation {unknown}
 n - 2 scrolls of teleportation {unknown}
 t - a scroll of silence {unknown}
 w - a scroll of blinking {unknown}
 y - a scroll of amnesia {unknown}
 z - a scroll of fog {unknown}
Potions
 c - a potion of ambrosia
 f - a potion of lignification {unknown}
 g - a potion of mutation {unknown}
 h - 2 potions of heal wounds {unknown}
 i - 3 potions of attraction {unknown}
 v - a potion of resistance {unknown}
 x - 2 potions of enlightenment {unknown}


   Skills:
 + Level 3.3 Fighting
 - Level 3.2 Short Blades
 * Level 6.6 Dodging
 + Level 1.9 Invocations


You had 4 spell levels left.
You didn't know any spells.
Your spell library contained the following spells:

 Spells                   Type           Power      Damage    Failure   Level
 Blink                    Tloc           0%         N/A       47%         2
 Lesser Beckoning         Tloc           0%         N/A       47%         2
 Momentum Strike          Conj/Tloc      0%         3d8       47%         2


Dungeon Overview and Level Annotations

Branches:
Dungeon (5/15)             Temple (1/1) D:5

Altars:
Ashenzari
Cheibriados
Dithmenos
Fedhas
Gozag
Hepliaklqana
Kikubaaqudgha
Makhleb
Nemelex Xobeh
Qazlal
Ru
Sif Muna
Trog
Uskayaw
Vehumet
Wu Jian
Xom
Yredelemnul
Zin


Innate Abilities, Weirdness & Mutations

You are very small and have problems with some larger weapons.
You are too small for most types of armour.
You have supernaturally acute eyesight. (SInv)
You cover ground extremely quickly. (Speed+++)


Message History

Aiming: Minor Destruction (9% risk of failure)
Press: ? - help, Shift-Dir - straight line, f - sleepcap
Aim: a sleepcap The zap hits the sleepcap but does no damage.
Aiming: Minor Destruction (9% risk of failure)
Press: ? - help, Shift-Dir - straight line, f/p - sleepcap
Aim: a sleepcap (haloed)
The puff of flame hits the sleepcap but does no damage.
Aiming: Minor Destruction (9% risk of failure)
Press: ? - help, Shift-Dir - straight line, f/p - sleepcap
Aim: a sleepcap (haloed)
The zap hits the sleepcap.
The sleepcap is lightly damaged.
You hit the sleepcap but do no damage.
The sleepcap is lightly damaged.
The sleepcap releases spores at you.
You are engulfed in a cloud of soporific spores!
You fall asleep.
The sleepcap releases spores at you!!
You wake up.
Ouch! That really hurt!
* * * LOW HITPOINT WARNING * * *
You are engulfed in a cloud of soporific spores!
You are unaffected.
You see here an amulet of the acrobat.
There is a stone staircase leading down here.
You fly downwards.
The ogre shouts!
Found a scroll labelled NUIRPH PER IHA.
Found a stone staircase leading down.
There is a stone staircase leading up here.
Found a stone staircase leading down.
Found a dagger.
The quokka attacks as it pursues you! The quokka closely misses you.
A worm comes into view.
An orc priest comes into view. It is wielding a +0 dagger.
The orc priest shouts!
You hear a shout! x2
An orc comes into view. It is wielding a +0 dagger.
An orc priest comes into view. It is wielding a +0 short sword.
The orc priest invokes the aid of Beogh against you.
Pain shoots through your body!
You die...

.....#######~≈~≈.............
....# #≈≈≈≈~~≈~......?......
...# ≈≈≈≈~~≈~≈.#>..........
.. ≈≈≈≈~≈≈.~#...........
≈≈~~..##........... # #
##..###..........< o.o#.
#....r....#....#..
......#......O####..###.
#..@####.## #...##. #o....#
#..# ##..#.. .........)....
#..... #...#........## #.....
≈≈~ #w........ ##. #.
#.....#... . ......#..
.^...... ..


You could see an ogre, a worm, 2 orc priests, an orc and a quokka.

Vanquished Creatures
  An iguana (D:5)
  Robin (D:2)
  6 adders
  A worm (D:3)
  2 dart slugs
  2 orcs (D:3)
  7 ball pythons
  3 endoplasms
  8 giant cockroaches
  12 hobgoblins
  3 jackals (D:2)
  5 quokkas
  5 bats
  5 frilled lizards
  13 goblins
  9 kobolds
  6 rats
89 creatures vanquished.

Notes
Turn   | Place    | Note
-------+----------+-------------------------------------------
     0 | D:1      | Bravepunisher the Spriggan Monk began the quest for the
                  | Orb.
     0 | D:1      | Reached XP level 1. HP: 11/11 MP: 2/2
     1 | D:1      | Noticed an electric eel
   174 | D:2      | Reached XP level 2. HP: 12/16 MP: 3/3
   340 | D:4      | Identified the +5 glaive of Sacimisi {spect, *Slow rF+ rN+}
   348 | D:5      | Entered Level 5 of the Dungeon
   366 | D:5      | Found a staircase to the Ecumenical Temple.
   375 | Temple   | Entered the Ecumenical Temple
   390 | Temple   | Became a worshipper of Makhleb the Destroyer
   390 | Temple   | Reached * piety under Makhleb
   390 | Temple   | Reached ** piety under Makhleb
   461 | D:5      | Reached skill level 5 in Dodging
   461 | D:5      | Reached XP level 3. HP: 6/19 MP: 4/4
   800 | D:1      | Reached skill level 1 in Invocations
   989 | D:1      | Reached XP level 4. HP: 22/24 MP: 5/5
  1523 | D:2      | Reached skill level 6 in Dodging
  1557 | D:2      | Noticed Robin
  1568 | D:2      | Reached *** piety under Makhleb
  1589 | D:2      | Killed Robin
  1593 | D:2      | Reached XP level 5. HP: 19/28 MP: 7/7
  2499 | D:4      | HP: 1/28 [sleepcap (19)]
  2507 | D:5      | Noticed an ogre
  2523 | D:5      | Killed from afar by an orc priest

Illustrated notes

Levels and vault maps discovered:
D:1:      arrival_aquarium_a, layout_basic, grunt_decor_mini_mirrors,
          chequers_serial_rivers_micro_a, nrook_uturn, minmay_liquid_box
D:2:      layout_basic, minmay_3d_cube, uniq_robin
D:3:      layout_basic, minmay_bisected
D:4:      cheibrodos_barr_body, layout_basic, serial_shops, nicolae_shop_stone,
          uniq_crazy_yiuf_cottage
D:5:      layout_cave_pools, lemuel_temple_firewalk_b, serial_rivers,
          chequers_serial_rivers_micro_b, chequers_serial_rivers_large_a,
          chequers_serial_rivers_large_b, chequers_serial_rivers_room_b,
          chequers_serial_rivers_micro_c, hangedman_glass_teeth
Temple:   nicolae_temple_bog_church

Skill      XL: |  1  2  3  4 |
---------------+-------------+-----
Dodging        | 5 6 |  6.6
Invocations    | 1 |  1.9
Fighting       | 3 |  3.3
Short Blades   | |  3.2

Action                     |  1- 3 |  4- 6 || total
---------------------------+-------+-------++-------
  Melee: Short sword       |    88 |       ||    88
         Mace              |     3 |    17 ||    20
         Dagger            |       |    14 ||    14
   Fire: Sling             |       |     4 ||     4
 Invoke: Minor Destruction |    30 |    94 ||   124
 Armour: Robe              |    24 |    12 ||    36
  Dodge: Dodged            |    70 |    29 ||    99

Table legend: (Time is in decaauts)
 A = Elapsed time spent in this place.
 B = Non-inter-level travel time spent in this place.
 C = Inter-level travel time spent in this place.
 D = Time resting spent in this place.
 E = Time spent auto-exploring this place.
 F = Levels seen in this place.
 G = Mean time per level.
                   A        B        C        D        E       F      G
               +--------+--------+--------+--------+--------+-----+--------+
         Total |   1796 |   1704 |     92 |     72 |   1137 |   6 |  299.3 |
       Dungeon |   1777 |   1702 |     75 |     72 |   1137 |   5 |  355.4 |
        Temple |     19 |      3 |     16 |      0 |      0 |   1 |   19.0 |
               +--------+--------+--------+--------+--------+-----+--------+

Top non-repeatable levels by time:
     D:2: 682 daAuts
     D:1: 529 daAuts
     D:3: 406 daAuts
     D:5: 121 daAuts
     D:4: 36 daAuts
  Temple: 19 daAuts
